 Dungeon Crawl Stone Soup version 0.23-a0-639-ga9a3373 (webtiles) character file.

7 Lavandula the Sneak (level 2, -2/17 HPs)
             Began as a Halfling Enchanter on Dec 29, 2018.
             Slain by an adder (3 damage)
             ... on level 1 of the Dungeon.
             The game lasted 00:01:20 (439 turns).

Lavandula the Sneak (Halfling Enchanter)             Turns: 439, Time: 00:01:22

Health: -2/17      AC:  2    Str:  9    XL:     2   Next: 5%
Magic:  4/4        EV: 15    Int: 13    God:
Gold:   0          SH:  0    Dex: 14    Spells: 3/4 levels left

rFire    . . .     SeeInvis .   a - +1 dagger
rCold    . . .     Gourm    .   (shield restricted)
rNeg     . . .     Faith    .   b - +0 robe
rPois    .         Spirit   .   (no helmet)
rElec    .         Reflect  .   (no cloak)
rCorr    .         Harm     .   (no gloves)
MR       .....                  (no boots)
Stlth    ++........             (no amulet)
HPRegen  0.05/turn              (no ring)
MPRegen  0.09/turn              (no ring)

@: lethally poisoned (-2 -> -9)
A: small, mutation resistance 1
a: no special abilities


You were on level 1 of the Dungeon.
You were not hungry.

You visited 1 branch of the dungeon, and saw 2 of its levels.

Inventory:

Hand Weapons
 a - a +1 dagger (weapon)
Armour
 b - a +0 robe (worn)
Comestibles
 d - 2 rations


   Skills:
 + Level 2.4 Short Blades
 - Level 2.1 Dodging
 - Level 3.2 Stealth
 - Level 1.5 Spellcasting
 - Level 2.4 Hexes


You had 3 spell levels left.
You knew the following spells:

 Your Spells              Type           Power        Failure   Level  Hunger
a - Corona                Hex            #......      10%         1    ##.....

Your spell library contained the following spells:

 Spells                   Type           Power        Failure   Level  Hunger
 Ensorcelled Hibernation  Hex/Ice        #.....       24%         2    ###....
 Confuse                  Hex            #.......     30%         3    ####...
 Tukima's Dance           Hex            #.......     30%         3    ####...
 Dazzling Spray           Conj/Hex       #.....       43%         3    ####...


Dungeon Overview and Level Annotations

Branches:
Dungeon (2/15)

Altars:


Innate Abilities, Weirdness & Mutations

You are small and have problems with some larger weapons.
You are somewhat resistant to further mutation.


Message History

The adder closely misses you.
You hit the adder but do no damage.
The adder is heavily wounded.
The adder bites you.
You barely miss the adder.
The adder is heavily wounded.
The adder closely misses you.
You completely miss the adder.
The adder is heavily wounded.
The adder bites you.
* * * LOW HITPOINT WARNING * * *
You are lethally poisoned!
The adder poisons you!
You barely miss the adder.
The adder is heavily wounded.
* * * LOW HITPOINT WARNING * * *
You feel sick. The adder bites you.
* * * LOW HITPOINT WARNING * * *
The adder bites you.
You die...

#...# .# ... #...###.# ...
... #.......## ... #.#
#......... ....
##.####......... #...
...............
##...######.##...........
..........#S#..........#
.?.........@...........+
..........#.#..........#
##........#.#.##########
............#...........
...).#≈≈≈≈≈≈≈≈≈≈.≈≈≈≈≈≈≈
.....#≈######♣##'##♣######
.... #≈#<.8#≈ ≈#'#≈♣≈#8.>#
### #≈#...##8##.##8##...#
#≈#...'.......).'...#


You could see an adder.

Vanquished Creatures
  A bat zombie (D:1)
  2 goblins (D:1)
  A hobgoblin (D:1)
  A bat (D:1)
  A jackal zombie (D:1)
6 creatures vanquished.

Notes
Turn   | Place    | Note
-------+----------+-------------------------------------------
     0 | D:1      | Lavandula the Halfling Enchanter began the quest for the
                  | Orb.
     0 | D:1      | Reached XP level 1. HP: 11/11 MP: 3/3
    65 | D:1      | Reached XP level 2. HP: 2/17 MP: 1/4
   439 | D:1      | Slain by an adder

Vault maps used:
D:1:      saegor_arrival_fortress, minmay_tetromino_s2
D:2:      minmay_inner_zag, uniq_jessica

Skill      XL: |  1 |
---------------+----+-----
Short Blades   | 2 |  2.4
Dodging        | |  2.1
Stealth        | |  3.2
Spellcasting   | |  1.5
Hexes          | |  2.4

Action                   || total
-------------------------++-------
Melee: Dagger            ||    41
 Cast: Corona            ||     5
  Use: Potion            ||     1
 Stab: Sleeping          ||     1
Armor: Robe              ||     8
Dodge: Dodged            ||    36

Table legend:
 A = Non-vault XP
 B = Vault XP
 C = Vault XP percentage of total XP
 D = Non-vault monster count
 E = Vault monster count
 F = Vault count percentage of total count
                 A         B        C        D         E       F
            +---------+---------+-------+---------+---------+-------
      Total |       5 |       5 |  50.0 |       3 |       3 |  50.0
            +---------+---------+-------+---------+---------+-------
        D:1 |       5 |       5 |  50.0 |       3 |       3 |  50.0
            +---------+---------+-------+---------+---------+-------
